 Dungeon Crawl Stone Soup version 0.22-a0-456-g11ed031 (webtiles) character file.

2119 tselfspeed the Cleaver (level 9, -3/82 HPs)
             Began as a Deep Dwarf Fighter on June 6, 2018.
             Was a Follower of Makhleb.
             Slain by a two-headed ogre
             ... wielding a +0 giant club
              (18 damage)
             ... on level 8 of the Dungeon.
             The game lasted 00:06:12 (4445 turns).

tselfspeed the Cleaver (Deep Dwarf Fighter)         Turns: 4445, Time: 00:06:13

Health: -3/82      AC: 16    Str: 29    XL:     9   Next: 8%
Magic:  5/5        EV:  5    Int:  8    God:    Makhleb [*.....]
Gold:   308        SH: 11    Dex: 12    Spells: 8/8 levels left

rFire    + . .     SeeInvis .   a - +0 war axe
rCold    . . .     Gourm    .   c - +0 shield
rNeg     . . .     Faith    .   g - +0 plate armour
rPois    .         Spirit   .   A - +2 helmet
rElec    .         Reflect  .   (no cloak)
rCorr    .         Harm     .   z - +0 pair of gloves
MR       +....                  v - +0 pair of boots (curse)
Stlth    ..........             (no amulet)
HPRegen  0.00/turn              u - ring of stealth
MPRegen  0.09/turn              h - ring of protection from fire

@: mighty, lethally poisoned (-3 -> -3), non-regenerating, drained
A: damage resistance, heal wounds, sense surroundings 2, no regeneration
a: Heal Wounds, Renounce Religion


You were on level 8 of the Dungeon.
You worshipped Makhleb.
Makhleb was aware of your devotion.
You were not hungry.

You visited 2 branches of the dungeon, and saw 9 of its levels.
You also visited: Sewer.

You collected 308 gold pieces.

Inventory:

Hand Weapons
 a - a +0 war axe (weapon)
 s - the +6 scimitar of Okawaru's Vengeance {flame, rC+ MR+ Str+7 Int-5, unknown}
   (You found it in a sewer)

   It has been specially enchanted to burn those struck by it, causing extra
   injury to most foes and up to half again as much damage against particularly
   susceptible opponents.
   Big, fiery blades are also staple armaments of hydra-hunters.
   It affects your strength (+7).
   It affects your intelligence (-5).
   It protects you from cold.
   It affects your resistance to hostile enchantments.
Armour
 b - a +0 scale mail
 c - a +0 shield (worn)
 g - a +0 plate armour (worn)
 j - a +0 chain mail
 v - a cursed +0 pair of boots (worn)
 z - a +0 pair of gloves (worn)
 A - a +2 helmet (worn)
Jewellery
 h - a ring of protection from fire (right hand)
 u - a ring of stealth (left hand)
 y - the ring "Zohucs" {Fire Str+3}
   (You found it on level 4 of the Dungeon)

   [ring of fire]

   It enhances your fire magic.
   It affects your strength (+3).
   It protects you from fire.
   It makes you vulnerable to cold.
 E - a +2 ring of intelligence
Wands
 I - a wand of clouds (8)
Scrolls
 k - a scroll of fog {unknown}
 m - a scroll of identify
 o - 2 scrolls of amnesia {unknown}
 r - 3 scrolls of remove curse
 w - 2 scrolls of enchant weapon {unknown}
 x - 2 scrolls of teleportation
 B - a scroll of immolation {unknown}
 D - a scroll of fear {unknown}
 J - a scroll of blinking {unknown}
Potions
 d - 2 potions of might
 e - 2 potions of haste {unknown}
 i - 2 potions of lignification {unknown}
 l - 3 potions of heal wounds
 n - 2 potions of resistance
 p - 2 potions of berserk rage {unknown}
 q - 2 potions of cancellation
 t - a potion of ambrosia {unknown}
 C - 2 potions of flight {unknown}
 F - a potion of curing {unknown}
 G - a potion of invisibility {unknown}
Comestibles
 f - 10 rations


   Skills:
 + Level 6.0(5.3) Fighting
 * Level 9.5(8.8) Axes
 - Level 3.2(2.6) Armour
 + Level 7.3(6.6) Shields


You had 8 spell levels left.
You didn't know any spells.
Your spell library contained the following spells:

 Spells                   Type           Power        Failure   Level  Hunger
 Magic Dart               Conj           #...         100%        1    ##.....
 Conjure Flame            Conj/Fire      #.......     100%        3    ####...
 Slow                     Hex            #.......     100%        2    ###....
 Mephitic Cloud           Conj/Pois/Air  #.......     100%        3    ####...
 Blink                    Tloc           N/A          100%        2    ###....
 Call Imp                 Summ           #.......     100%        2    ###....
 Spider Form              Tmut/Pois      #.........   100%        3    ####...
 Blade Hands              Tmut           #.........   100%        5    ######.
 Ice Form                 Ice/Tmut       #.......     100%        4    #####..
 Sticks to Snakes         Tmut           #.......     100%        2    ###....
 Beastly Appendage        Tmut           #.....       100%        1    ##.....


Dungeon Overview and Level Annotations

Branches:
Dungeon (8/15)             Temple (1/1) D:6            Lair (0/6) D:8

Altars:
Ashenzari
Elyvilon
Fedhas
Hepliaklqana
Makhleb
Okawaru
Qazlal
Ru
Sif Muna
Uskayaw
Vehumet
Wu Jian
Xom
Yredelemnul
Zin
The Shining One


Innate Abilities, Weirdness & Mutations

You are resistant to damage.
You can heal yourself by infusing magical energy.
You passively map the area around you.
You do not regenerate.


Message History

You block the wight's attack.
You slash the two-headed ogre!
The two-headed ogre is severely wounded.
Your plate armour prevents you from hitting the wight.
The two-headed ogre hits you with a giant club!
* * * LOW HITPOINT WARNING * * *
You block the two-headed ogre's attack. The wight hits you but does no damage.
The orc priest invokes the aid of Beogh against you.
Beogh smites you!
* * * LOW HITPOINT WARNING * * *
The wight hits you from afar with a halberd of freezing.
* * * LOW HITPOINT WARNING * * *
You feel drained. The wight freezes you.
* * * LOW HITPOINT WARNING * * *
Your magical essence is drained by the effort!
You feel much better. You block the wight's attack.
The two-headed ogre hits you with a giant club!!
* * * LOW HITPOINT WARNING * * *
The two-headed ogre hits you with a giant club!!
You die...

* , , #.#
#### * **
##.. ..# * ,
, ,....,...
,, * , ,
####.> #.# *
*,......##.#
* * *
*#.>.....## *
####.....<#
,*
*,......†@###
*, , , ,
....##Oz# *
## #az# * * *
* #oo# * , ,
* , #oo# , ,
* #zo. * , ,,
, ..#. , , ,,
, ,.. .* , ,
* , , , ,,*,
* , , , *


You could see a two-headed ogre, an orc warrior, a worker ant, 3 wights, an orc
priest and 3 orcs.

Vanquished Creatures
  A troll (D:7)
  A hungry ghost (D:7)
  The ghost of NERVtheDESTROYER the Grave Robber, an amateur MfNe (D:4)
  A sky beast (D:6)
  A black bear (D:5)
  2 ogres
  3 bullfrogs
  A scorpion (D:5)
  8 wights
  A howler monkey (D:6)
  2 crimson imps (D:7)
  4 hounds
  A jelly (D:7)
  2 orc priests (D:7)
  An orc wizard (D:6)
  An iguana (D:7)
  4 worker ants
  A killer bee zombie (D:7)
  A hound skeleton (D:4)
  2 worker ant zombies (D:5)
  5 adders
  2 howler monkey skeletons
  A shadow imp (D:6)
  An ooze (D:5)
  2 adder skeletons
  A worm (D:2)
  2 dart slugs
  5 leopard geckos
  12 orcs
  6 ball pythons
  3 bats
  14 giant cockroaches
  4 goblins
  7 hobgoblins
  12 jackals
  4 quokkas
  14 frilled lizards
  A jackal skeleton (D:4)
  7 kobolds
  7 rats
149 creatures vanquished.

Notes
Turn   | Place    | Note
-------+----------+-------------------------------------------
     0 | D:1      | tselfspeed the Deep Dwarf Fighter began the quest for the Orb.
     0 | D:1      | Reached XP level 1. HP: 20/20 MP: 1/1
    82 | D:1      | Reached XP level 2. HP: 20/27 MP: 2/2
   220 | D:1      | Reached skill level 3 in Axes
   458 | D:2      | Reached XP level 3. HP: 19/34 MP: 3/3
   908 | D:3      | Found a sacrificial altar of Ru.
   984 | D:3      | Reached XP level 4. HP: 29/42 MP: 4/4
  1041 | D:3      | Found a glowing drain.
  1058 | Sewer    | Entered a sewer
  1073 | Sewer    | Reached skill level 4 in Axes
  1389 | Sewer    | Noticed a bullfrog
  1401 | Sewer    | Killed a bullfrog
  1401 | Sewer    | Reached XP level 5. HP: 41/49 MP: 5/5
  1419 | Sewer    | Reached skill level 5 in Axes
  1425 | Sewer    | Got an iridescent scimitar
  1548 | D:4      | Reached XP level 6. HP: 52/57 MP: 6/6
  1633 | D:4      | Noticed NERVtheDESTROYER's ghost (amateur MfNe)
  1649 | D:4      | Killed NERVtheDESTROYER's ghost
  1649 | D:4      | Reached skill level 5 in Shields
  1660 | D:4      | Found a shimmering altar of Xom.
  1885 | D:4      | HP: 1/57 [ogre/giant club (3)]
  1887 | D:4      | Reached skill level 6 in Axes
  1887 | D:4      | Reached XP level 7. HP: 1/64 MP: 7/7
  2070 | D:4      | Got a transparent platinum ring
  2137 | D:5      | Entered Level 5 of the Dungeon
  2147 | D:5      | Found a deep blue altar of Sif Muna.
  2147 | D:5      | Found a glowing silver altar of Zin.
  2148 | D:5      | Found a basalt altar of Yredelemnul.
  2154 | D:5      | Found an ornate altar of the Wu Jian Council.
  2621 | D:5      | Found a stormy altar of Qazlal.
  2623 | D:5      | Found a shimmering altar of Xom.
  2623 | D:5      | Found a hide-covered altar of Uskayaw.
  2629 | D:5      | Found a glowing silver altar of Zin.
  2629 | D:5      | Found a shimmering altar of Xom.
  2629 | D:5      | Found an ornate altar of the Wu Jian Council.
  2669 | D:5      | Found a shattered altar of Ashenzari.
  2673 | D:5      | Found a glowing golden altar of the Shining One.
  2674 | D:5      | Found a radiant altar of Vehumet.
  2687 | D:5      | Reached skill level 7 in Axes
  2857 | D:6      | Found a staircase to the Ecumenical Temple.
  2868 | Temple   | Entered the Ecumenical Temple
  2898 | Temple   | Became a worshipper of Makhleb the Destroyer
  3500 | D:6      | Reached XP level 8. HP: 52/73 MP: 7/7
  3505 | D:6      | Reached skill level 5 in Fighting
  3506 | D:6      | Identified the ring "Zohucs" {Fire Str+3} (You found it on level 4 of the Dungeon)
  3778 | D:7      | Reached skill level 8 in Axes
  4020 | D:7      | Found a stormy altar of Qazlal.
  4110 | D:7      | Reached skill level 9 in Axes
  4112 | D:7      | Noticed a troll
  4126 | D:7      | Killed a troll
  4151 | D:7      | Gained mutation: You passively map the area around you. [Deep Dwarf growth]
  4151 | D:7      | Reached XP level 9. HP: 45/82 MP: 7/7
  4154 | D:7      | Reached * piety under Makhleb
  4420 | D:8      | Found a staircase to the Lair.
  4426 | D:8      | Noticed a two-headed ogre
  4444 | D:8      | HP: 3/82 [wight/halberd of freezing (2)]
  4445 | D:8      | Slain by a two-headed ogre

Vault maps used:
D:1:      minmay_arrival_four_circles
D:2:      nicolae_overflow_hidden_temple
D:3:      nicolae_ru_awakened_eye, portal_sewer_entry_c, uniq_sigmund,
          uniq_ijyb, uniq_jessica
D:4:      old_standard_altar, first_ration
D:5:      nicolae_overflow_quartered_altars, grunt_temple_overflow_open,
          doesnt_xom_only_xom
D:6:      minmay_temple_entry_junction_2, hangedman_abyss_or_decor_lesser_grid,
          minmay_strange_pillars
D:7:      basic_altar, lemuel_flamethrower_1
D:8:      lair_entry_dummy, serial_shops, nicolae_shop_crystal
Temple:   nicolae_temple_hex_pool
Sewer:    sewer_frog_island_01

Skill      XL: |  1  2  3  4  5  6  7  8  9 |
---------------+----------------------------+-----
Axes           | 3 4 5 6 7 9 |  9.5
Fighting       | 3 4 5 6 |  6.0
Shields        | 4 5 6 7 |  7.3
Armour         | |  3.2

Action                   |  1- 3 |  4- 6 |  7- 9 || total
-------------------------+-------+-------+-------++-------
Melee: War axe           |   166 |   169 |   322 ||   657
 Abil: Heal Wounds       |     1 |     2 |    10 ||    13
  Use: Scroll            |       |       |     7 ||     7
       Potion            |       |       |     1 ||     1
  Eat: Chunk             |     1 |     3 |    13 ||    17
       Ration            |       |       |     1 ||     1
Armor: Scale mail        |    31 |       |       ||    31
       Chain mail        |    60 |   101 |    33 ||   194
       Plate armour      |       |       |   188 ||   188
Dodge: Dodged            |    51 |    40 |    54 ||   145
Block: Shield            |    86 |   119 |   188 ||   393

Table legend:
 A = Spawn XP
 B = Non-spawn XP
 C = Spawn XP percentage of total XP
 D = Spawn monster count
 E = Non-spawn monster count
 F = Spawn count percentage of total count
 G = Total turns spent on level
                    A         B        C        D         E        F      G
               +---------+---------+-------+---------+---------+-------+---------
         Total |       0 |    3028 |   0.0 |       0 |     149 |   0.0 |  4445
               +---------+---------+-------+---------+---------+-------+---------
           D:1 |       0 |      30 |   0.0 |       0 |      20 |   0.0 |   424
           D:2 |       0 |      41 |   0.0 |       0 |      14 |   0.0 |   473
           D:3 |       0 |      50 |   0.0 |       0 |      21 |   0.0 |   217
           D:4 |       0 |     483 |   0.0 |       0 |      13 |   0.0 |   649
           D:5 |       0 |     289 |   0.0 |       0 |      16 |   0.0 |   639
           D:6 |       0 |     526 |   0.0 |       0 |      15 |   0.0 |   933
           D:7 |       0 |    1219 |   0.0 |       0 |      26 |   0.0 |   657
           D:8 |       0 |     149 |   0.0 |       0 |       4 |   0.0 |    25
         Sewer |       0 |     241 |   0.0 |       0 |      20 |   0.0 |   374
               +---------+---------+-------+---------+---------+-------+---------
